General information
- name: BNet
- type: Ladder 1vs1/FFA
- host: Battle.net
- saver: muci
map: LostTemple
- players: 2
- length: 36:52
- speed: Fast
- version: 1.26 W3XP
- replay type: Public
» download(107 KB)
Players
team 1 (winner)
muci (
yellow | 66 APM | 2438 actions | 36:52)
5 Archmage
2 Blizzard
3 Brilliance Aura
4 Blood Mage
2 Flame Strike
2 Siphon Mana
4 Paladin
2 Holy Light
2 Divine Shield
» actions
| Assign group hotkey | 59 | |
| Basic commands | 110 | |
| Build / train | 140 | |
| ESC pressed | 3 | |
| Enter build submenu | 83 | |
| Enter hero's abilities submenu | 13 | |
| Give item / drop item | 12 | |
| Right click | 851 | |
| Select / deselect | 581 | |
| Select group hotkey | 247 | |
| Use ability | 339 | |
2438 total
» units
| Peasant | 18 | |
| Goblin Shredder | 2 | |
| Goblin Zeppelin | 1 | |
| Dragonhawk Rider | 4 | |
25 total
» upgrades
| Masonry | 3 | |
| Swords | 3 | |
| Armor | 3 | |
| Animal War Training | 1 | |
| Magic Sentry | 1 | |
| Sorceress Training | 2 | |
| Cloud | 2 | |
| Gunpowder | 3 | |
| Plating | 3 | |
| Storm Hammers | 1 | |
| Priest Training | 2 | |
24 total
» buildings
| Altar of Kings | 1 | |
| Farm | 11 | |
| Lumber Mill | 3 | |
| Arcane Vault | 2 | |
| Scout Tower | 100 | |
| Arcane Tower | 12 | |
| Guard Tower | 24 | |
| Town Hall | 4 | |
| Keep | 2 | |
| Blacksmith | 2 | |
| Castle | 2 | |
| Arcane Sanctum | 4 | |
| Gryphon Aviary | 5 | |
| Barracks | 1 | |
173 total
» build order
00:08 Altar of Kings
00:25 Farm
00:30 Lumber Mill
00:50 Lumber Mill
01:00 Farm
01:05 Arcane Vault
01:18 Scout Tower
01:58 Arcane Tower
02:30 Farm
02:32 Scout Tower
02:58 Scout Tower
03:06 Scout Tower
03:07 Arcane Tower
03:17 Farm
03:18 Farm
03:37 Arcane Tower
03:43 Arcane Tower
03:45 Scout Tower
04:09 Scout Tower
04:10 Scout Tower
04:19 Scout Tower
04:20 Guard Tower
04:45 Town Hall
04:54 Guard Tower
05:02 Guard Tower
05:31 Scout Tower
05:33 Scout Tower
05:34 Scout Tower
05:35 Scout Tower
05:36 Guard Tower
05:40 Scout Tower
05:40 Scout Tower
06:15 Farm
06:24 Guard Tower
06:29 Guard Tower
06:59 Keep
07:19 Scout Tower
07:20 Scout Tower
08:00 Scout Tower
08:01 Scout Tower
08:02 Scout Tower
08:02 Scout Tower
08:36 Guard Tower
08:40 Scout Tower
08:48 Farm
08:51 Blacksmith
08:52 Blacksmith
09:22 Castle
09:27 Guard Tower
09:38 Arcane Tower
09:39 Guard Tower
10:37 Arcane Sanctum
10:38 Gryphon Aviary
10:38 Gryphon Aviary
10:40 Arcane Sanctum
10:42 Arcane Sanctum
10:44 Arcane Sanctum
11:42 Barracks
14:51 Scout Tower
14:52 Scout Tower
14:53 Scout Tower
14:54 Scout Tower
14:55 Scout Tower
14:55 Scout Tower
15:45 Guard Tower
16:27 Guard Tower
17:23 Gryphon Aviary
17:23 Gryphon Aviary
17:24 Farm
17:25 Farm
17:26 Gryphon Aviary
17:30 Farm
17:30 Farm
18:02 Town Hall
18:05 Scout Tower
18:07 Scout Tower
18:08 Scout Tower
18:08 Scout Tower
18:09 Scout Tower
18:11 Scout Tower
18:11 Scout Tower
18:12 Scout Tower
18:13 Scout Tower
18:13 Scout Tower
18:15 Scout Tower
18:17 Scout Tower
20:59 Guard Tower
21:03 Scout Tower
21:06 Scout Tower
22:00 Scout Tower
22:01 Scout Tower
22:02 Scout Tower
23:21 Scout Tower
23:24 Scout Tower
23:25 Scout Tower
23:33 Scout Tower
23:33 Scout Tower
23:36 Scout Tower
23:36 Scout Tower
23:37 Scout Tower
23:49 Arcane Tower
23:55 Guard Tower
24:00 Lumber Mill
24:03 Arcane Tower
24:06 Guard Tower
24:10 Scout Tower
24:11 Scout Tower
24:11 Scout Tower
24:13 Scout Tower
24:14 Scout Tower
24:19 Guard Tower
24:22 Scout Tower
24:24 Arcane Tower
24:31 Guard Tower
25:17 Scout Tower
25:17 Scout Tower
25:52 Scout Tower
25:54 Scout Tower
25:56 Scout Tower
25:58 Scout Tower
26:00 Scout Tower
26:00 Scout Tower
26:01 Scout Tower
26:10 Scout Tower
26:11 Scout Tower
26:12 Scout Tower
26:12 Scout Tower
26:15 Guard Tower
27:25 Arcane Tower
27:25 Arcane Tower
27:26 Arcane Tower
27:28 Guard Tower
27:32 Scout Tower
27:33 Scout Tower
27:33 Scout Tower
27:34 Scout Tower
27:35 Scout Tower
27:36 Scout Tower
27:37 Scout Tower
27:38 Scout Tower
27:39 Scout Tower
28:23 Town Hall
28:25 Guard Tower
28:29 Scout Tower
28:30 Scout Tower
28:31 Scout Tower
28:32 Scout Tower
30:12 Guard Tower
30:27 Town Hall
30:42 Scout Tower
30:43 Scout Tower
30:44 Scout Tower
30:46 Scout Tower
30:47 Scout Tower
30:48 Scout Tower
30:49 Scout Tower
30:52 Scout Tower
30:53 Scout Tower
30:54 Scout Tower
30:55 Scout Tower
31:05 Keep
32:39 Arcane Tower
32:40 Guard Tower
32:58 Guard Tower
33:06 Arcane Vault
33:15 Scout Tower
33:17 Scout Tower
33:18 Scout Tower
33:21 Scout Tower
33:25 Scout Tower
33:27 Castle
34:05 Guard Tower
35:32 Guard Tower
» items
| Mechanical Critter | 5 | |
| Scroll of Regeneration | 7 | |
| Lesser Clarity Potion | 4 | |
| Scroll of Town Portal | 3 | |
| Potion of Mana | 1 | |
| Potion of Healing | 4 | |
| Staff of Sanctuary | 2 | |
| Orb of Fire | 2 | |
| Boots of Speed | 2 | |
| Periapt of Vitality | 1 | |
| Potion of Invisibility | 1 | |
| Staff of Teleportation | 3 | |
35 total
team 2 (loser)
painboy (
red | 45 APM | 1662 actions | 36:50)
5 Archmage
3 Summon Water Elemental
2 Blizzard
1 Blood Mage
1 Siphon Mana
» actions
| Build / train | 82 | |
| Enter build submenu | 34 | |
| Enter hero's abilities submenu | 6 | |
| Right click | 1036 | |
| Select / deselect | 439 | |
| Use ability | 63 | |
1662 total
» units
| Peasant | 12 | |
| Footman | 11 | |
| Rifleman | 1 | |
| Mortar Team | 19 | |
| Gryphon Rider | 5 | |
| Flying Machine | 3 | |
51 total
» upgrades
| Defend | 1 | |
| Swords | 2 | |
| Fragmentation Shards | 1 | |
| Storm Hammers | 1 | |
| Plating | 1 | |
6 total
» buildings
| Altar of Kings | 1 | |
| Farm | 11 | |
| Barracks | 1 | |
| Lumber Mill | 1 | |
| Scout Tower | 10 | |
| Arcane Vault | 1 | |
| Keep | 1 | |
| Blacksmith | 1 | |
| Guard Tower | 5 | |
| Gryphon Aviary | 2 | |
| Castle | 1 | |
| Workshop | 2 | |
| Arcane Tower | 1 | |
| Town Hall | 2 | |
40 total
» build order
00:17 Altar of Kings
00:19 Farm
00:57 Farm
01:04 Barracks
01:30 Lumber Mill
02:11 Farm
03:43 Scout Tower
03:44 Scout Tower
03:49 Arcane Vault
03:53 Keep
05:12 Blacksmith
05:15 Guard Tower
05:20 Farm
05:21 Farm
06:11 Guard Tower
06:29 Gryphon Aviary
06:30 Gryphon Aviary
08:36 Scout Tower
08:37 Scout Tower
08:47 Castle
09:47 Workshop
10:45 Guard Tower
11:02 Farm
11:04 Farm
14:02 Farm
14:02 Farm
14:27 Farm
14:53 Farm
15:40 Scout Tower
15:43 Scout Tower
16:16 Arcane Tower
21:28 Town Hall
21:32 Town Hall
27:29 Workshop
34:03 Scout Tower
34:04 Scout Tower
34:06 Scout Tower
34:07 Scout Tower
35:34 Guard Tower
35:36 Guard Tower
» items
| Potion of Healing | 4 | |
| Scroll of Town Portal | 2 | |
| Scroll of Regeneration | 1 | |
| Staff of Sanctuary | 1 | |
| Scroll of Protection | 1 | |
9 total
Chat log
(26:02 / All) painboy: nob
(26:05 / All) muci: LOL
(26:06 / All) painboy: noob
(26:19 / All) painboy: mass
(26:24 / All) painboy: toers
(26:36 / All) muci: thanks i like your towers too
(26:49 / All) painboy: only
(26:56 / All) painboy: five
(26:57 / All) muci: only what? 7
(26:58 / All) muci: lmfao
(27:03 / All) muci: what is the "correct" number of towers
(27:16 / All) muci: im really interested
(27:29 / All) muci: well?
(27:37 / All) painboy: 3
(27:42 / All) muci: so you built too many?
(28:18 / All) muci: youre not very smart are you
(28:59 / All) muci: that wont work
(29:15 / All) muci: you gonna ragequit now?
(30:22 / All) muci: are you aware you left all the items behind?
(30:32 / All) muci: is that what a smart player does?
(31:17 / All) muci: theres no gold left in that base
(32:02 / All) muci: do you think im sexy?
(33:44 / All) muci: you should probably expand
(34:09 / All) muci: stop
(34:10 / All) muci: please
(34:16 / All) muci: go away
(34:56 / All) muci: go home
(35:41 / All) muci: you should have more towers
(35:50 / All) muci: also, town hall closer to the gold mine
(36:21 / All) muci: drain that mana
(36:22 / All) muci: yeaaah
(36:28 / All) muci: your guy died.
(36:49 / All) muci: why arent you retreating